 Dungeon Crawl Stone Soup version 0.31.0-12-g77e489cdc1 (webtiles) character file.

Game seed: 13468073680877836855

181 Doomgape the Trooper (level 5, -3/34 HPs)
             Began as a Gargoyle Fighter on Feb 15, 2024.
             Splashed by a jelly's acid (6 damage)
             ... on level 3 of the Dungeon.
             The game lasted 00:04:40 (2279 turns).

Doomgape the Trooper (Gargoyle Fighter)             Turns: 2279, Time: 00:04:40

Health: -3/34      AC:  3    Str: 22    XL:     5   Next: 61%
Magic:  5/5        EV:  9    Int:  8    God:
Gold:   128        SH:  4    Dex:  9    Spells: 4/4 levels left

rFire   . . .        a - +0 flail
rCold   . . .        c - +0 buckler
rNeg    + . .        b - +0 scale mail
rPois   ∞            (no helmet)
rElec   +            (no cloak)
rCorr   .            (no gloves)
SInv    .            (no boots)
Will    .....        (no amulet) Stlth
                     (no ring)
HPRegen 0.25/turn    (no ring)
MPRegen 0.09/turn

%: no passive effects
@: corroded
A: sickness immunity, AC +4, negative energy resistance 1, electricity
resistance, torment resistance 1, petrification resistance
a: no special abilities


You were on level 3 of the Dungeon.
You visited 1 branch of the dungeon, and saw 4 of its levels.

You collected 128 gold pieces.

Inventory:

Hand Weapons
 a - a +0 flail (weapon)
Armour
 b - a +0 scale mail (worn)
 c - a +0 buckler (worn)
Jewellery
 g - a ring of protection from fire
 k - a ring of resist corrosion
Scrolls
 f - 2 scrolls of vulnerability {unknown}
 h - a scroll of noise {unknown}
 i - a scroll of blinking {unknown}
 j - a scroll of poison {unknown}
 m - a scroll of identify {unknown}
Potions
 d - a potion of might
 e - a potion of curing
 l - 2 potions of resistance {unknown}


   Skills:
 + Level 4.8 Fighting
 + Level 3.5 Maces & Flails
 + Level 4.6 Armour
 - Level 3.2 Shields


You had 4 spell levels left.
You didn't know any spells.
Your spell library contained the following spells:

 Spells                   Type           Power      Damage    Failure   Level
 Magic Dart               Conj           0%         1d3       80%         1
 Blink                    Tloc           0%         N/A       90%         2
 Call Imp                 Summ           0%         N/A       90%         2


Dungeon Overview and Level Annotations

Branches:
Dungeon (4/15)
 Temple: D:4-7

Altars:
Dithmenos
Okawaru
Sif Muna


Innate Abilities, Weirdness & Mutations

You are immune to sickness and miasma.
Your stone body is resilient. (AC +4)
You are immune to poison.
You resist negative energy. (rN+)
You are resistant to electric shocks. (rElec)
You are resistant to unholy torment.
You are immune to petrification.


Message History

The jelly closely misses you. You block the orc's attack.
You hit the jelly but do no damage.
Your hands burn!
The jelly is lightly wounded.
You block the orc's attack. The jelly hits you. The acid corrodes you!
You are splashed with acid!
You are too injured to fight recklessly!
You hit the jelly.
Your hands burn!
The jelly is moderately wounded.
The jelly hits you. The acid corrodes you!
You are splashed with acid!
* * * LOW HITPOINT WARNING * * *
The orc hits you with a +0 hand axe.
* * * LOW HITPOINT WARNING * * *
You hit the jelly.
Your hands burn!
* * * LOW HITPOINT WARNING * * *
The jelly is moderately wounded.
The orc hits you with a +0 hand axe.
* * * LOW HITPOINT WARNING * * *
The jelly barely misses you.
Unknown command.
It was a potion of curing.
You feel better. The orc hits you with a +0 hand axe.
* * * LOW HITPOINT WARNING * * *
The jelly closely misses you.
Unknown command.
There is a stone staircase leading up here.
The jelly closely misses you. The orc hits you with a +0 hand axe.
* * * LOW HITPOINT WARNING * * *
You climb upwards.
There is a stone staircase leading down here.
Unknown command.
Unknown command.
Unknown command.
The jelly closely misses you. You block the orc's attack.
The jelly attacks as it pursues you! The jelly barely misses you.
Unknown command.
You block the jelly's attack. The jelly attacks as it pursues you!
The jelly hits you.
* * * LOW HITPOINT WARNING * * *
You are splashed with acid.
You die...

...##......§§.#....###'###.##.8.≈
#.....=....§§......'......>##8_8.
###...§§§§.........##...##.##.8.≈
###...§§§.....(....##...##.##...≈
##..#.§§§..§..#....##...##.######
##..##§§...§.##.........)..#
....###§....####...o##'###[#
#.### ##...####.....+..#..[# ##
#.######...# #..@J..###..#.# #.
......###..# #..######..##.#.....
......##...###..# ###.###.######
......++........####...###.......
......##..................######.
......'...#.##.#####.####.# #.
......###.#.##.#..........# #.
......'.#.#.##.#.###.###..# #.
......###.#....#.#....##..# #.


You could see a jelly and an orc.

Vanquished Creatures
  A hound (D:3)
  An orc wizard (D:3)
  Natasha (D:2)
  6 adders
  2 dart slugs
  3 orcs
  3 ball pythons (D:2)
  3 bats (D:2)
  3 endoplasms
  A giant cockroach (D:2)
  8 goblins
  2 hobgoblins
  A jackal (D:2)
  2 quokkas (D:2)
  A frilled lizard (D:2)
  4 kobolds
  2 rats
44 creatures vanquished.

Notes
Turn   | Place    | Note
-------+----------+-------------------------------------------
     0 | D:1      | Doomgape the Gargoyle Fighter began the quest for the Orb.
     0 | D:1      | Reached XP level 1. HP: 14/14 MP: 1/1
   146 | D:1      | You fall into a shaft and drop 1 floor!
   184 | D:2      | Reached XP level 2. HP: 19/19 MP: 2/2
   468 | D:2      | Reached XP level 3. HP: 21/24 MP: 3/3
   689 | D:2      | Reached XP level 4. HP: 29/29 MP: 4/4
  1124 | D:2      | Noticed Natasha
  1136 | D:2      | Killed Natasha
  1315 | D:3      | Found a shimmering blue altar of Sif Muna.
  1475 | D:3      | Reached XP level 5. HP: 27/34 MP: 5/5
  1678 | D:3      | Found a shadowy altar of Dithmenos.
  2214 | D:3      | Found an iron altar of Okawaru.
  2265 | D:4      | HP: 1/34 [orc/+0 hand axe (4)]
  2279 | D:3      | Splashed by a jelly's acid

Illustrated notes

Levels and vault maps discovered:
D:1:      roadster_arrival_rocket_small, layout_rooms,
          nicolae_concentric_dashed_squares_wild, corexii_leaking_fountain,
          kennysheep_nondescript
D:2:      minmay_alternating_diamond, layout_loops_ring,
          minmay_misc_feat_four_crosses, uniq_natasha
D:3:      layout_basic, mainiacjoe_overflow_cross_hatched,
          kennysheep_okawaru_gauntlet, nicolae_dithmenos_the_darkroom,
          serial_curves, eino_curves_03, eino_curves_04, eino_curves_04,
          minmay_misc_feat_chi
D:4:      layout_cave_pools, serial_shops, shop

Skill      XL: |  1  2  3  4 |
---------------+-------------+-----
Fighting       | 4 |  4.8
Armour         | 4 |  4.6
Maces & Flails | 3 |  3.5
Shields        | |  3.2

Action                     |  1- 3 |  4- 6 || total
---------------------------+-------+-------++-------
  Melee: Flail             |    83 |    96 ||   179
    Use: Potion            |       |     1 ||     1
 Armour: Scale mail        |    76 |    97 ||   173
  Dodge: Dodged            |    57 |    42 ||    99
  Block: Buckler           |    12 |    23 ||    35
